[Event "45th FIDE Womens Olympiad 2024"]
[Site "Budapest"]
[Date "2024.09.15"]
[Round "5.140"]
[White "Kawuma Patricia"]
[Black "Putar, Lara"]
[Result "1-0"]
[ECO "E09"]
[WhiteElo "1839"]
[BlackElo "1911"]
[Annotator "TA"]
[PlyCount "87"]
[EventDate "2024.09.05"]
[EventType "team-tourn"]
[EventCountry "HUN"]
[SourceTitle "playchess.com"]
[Source "ChessBase"]
[SourceQuality "1"]
[WhiteTeam "Uganda"]
[BlackTeam "Ireland"]
[WhiteTeamCountry "UGA"]
[BlackTeamCountry "IRL"]
[TimeControl "40/5400+30:1800+30"]

1. d4 Nf6 2. c4 e6 3. g3 d5 4. Bg2 c6 5. Nd2 Be7 6. Ngf3 O-O 7. Qc2 Nbd7 8. O-O c5 9. b3 cxd4 (9... b5 $11) 10. Nxd4 $14 Bc5 11. Bb2 {White is slightly better.} e5 12. N4f3 {Threatens to win with cxd5.} Qc7 (12... d4 $11 {keeps the balance.}) 13. e3 $16 Re8 (13... Bb4 $16 {keeps fighting.}) 14. Rac1 (14. cxd5 $18 {Hoping for Rfd1.} Nxd5 15. Ng5) 14... e4 15. Nd4 dxc4 16. Nxc4 ({White should play} 16. Rfd1 $18) 16... Bxd4 17. Bxd4 b6 (17... b5 $16) 18. Qb1 $18 {[%cal Oc4b6] [#] Nxb6! would now be deadly.} Qb8 19. Rfd1 Bb7 20. Bb2 Nd5 $2 (20... Re7 21. Rd2 h5) 21. Bxe4 Nc3 (21... N7f6) 22. Bxh7+ {A strong pair of Bishops.} ({Not} 22. Rxc3 Bxe4 23. Qc1 Rd8 $16) 22... Kf8 23. Bxc3 Nc5 24. Nd6 {[%cal Ob1f5] [#] Qf5! is the strong threat.} Re6 25. Nxb7 Qxb7 26. Bf5 Rh6 27. b4 Ne6 28. Be4 Qb8 29. Bxa8 Qxa8 30. Be5 Ng5 31. Qf5 {Rc8+ would kill now.} Nf3+ 32. Kf1 Re6 33. Bf4 {White threatens Rc7 and mate.} Nd4 34. Rxd4 Qh1+ 35. Ke2 Qxc1 36. Qd3 {Intending Rd8+ and mate.} Qc6 37. Rd6 Qa4 38. Rxe6 Qxa2+ 39. Qd2 Qc4+ 40. Kf3 {[%cal Rd2d8] White mates.} fxe6 41. Qd8+ Kf7 42. Qc7+ Qxc7 43. Bxc7 Ke7 44. Be5 {Weighted Error Value: White=0.16 (very precise) /Black=0.48.  Mistake:       	White=2     	Black=6      Inaccurate:     	---       	Black=1      OK:         	White=6     	Black=1      Best:        	White=1     	Black=2} 1-0

[Event "45th FIDE Womens Olympiad 2024"]
[Site "Budapest"]
[Date "2024.09.15"]
[Round "5.141"]
[White "Henderson de La Fuente, Andrea"]
[Black "Partac, Elena"]
[Result "1-0"]
[ECO "B23"]
[WhiteElo "1986"]
[BlackElo "2078"]
[Annotator "TA"]
[PlyCount "123"]
[EventDate "2024.09.05"]
[EventType "team-tourn"]
[EventCountry "HUN"]
[SourceTitle "playchess.com"]
[Source "ChessBase"]
[SourceQuality "1"]
[WhiteTeam "Andorra"]
[BlackTeam "Moldova"]
[WhiteTeamCountry "AND"]
[BlackTeamCountry "MDA"]
[TimeControl "40/5400+30:1800+30"]

1. e4 c5 2. Nc3 e6 3. Nge2 a6 4. g3 h5 5. h3 b5 6. Bg2 Bb7 7. a3 Nf6 8. d3 {The position is equal.} d5 9. exd5 Nxd5 10. O-O Nxc3 11. Nxc3 Bxg2 12. Kxg2 Nc6 13. Be3 Nd4 14. Bxd4 cxd4 15. Ne4 Be7 16. f4 g6 17. a4 Rc8 18. axb5 axb5 19. Rf2 Qd5 20. Qf3 h4 21. g4 f5 22. gxf5 (22. Ng5 $14 {should be considered.} Qd6 23. gxf5 Bxg5 24. fxg5 exf5 25. Ra7) 22... gxf5 $11 23. Ng5 {Strongly threatening Qxd5.} Qxf3+ 24. Nxf3 Rg8+ 25. Kh2 Bf6 (25... Bd6 $11 26. Nxh4 (26. Nxd4 Bc5 $15) 26... Kf7) 26. Re2 (26. Ra7 $14) 26... Rc6 (26... Rg3 $11 27. Rf2 Kd7) 27. Ra7 Rg3 28. Rf2 Rxf3 29. Rxf3 $18 {aiming for Rf2.} Rxc2+ $14 {[%mdl 4096] Endgame. KRR-KRB} 30. Kg1 Rxb2 31. Rf2 ({Only move:} 31. Rf1 $18) 31... Rxf2 $1 32. Kxf2 {KR-KB} Be7 33. Ke2 {[%mdl 1024] White has compensation.} b4 ({Better is} 33... Bd6 $11) 34. Rb7 (34. Ra8+ $14 Kd7 35. Ra7+ Ke8 36. Kd1) 34... Kd8 (34... Bd6 $11) 35. Kd1 {White is more active.} Bd6 36. Ke2 ({White should try} 36. Rh7 $1 $16) 36... Bxf4 $11 37. Rxb4 Be3 38. Rb7 Bg5 39. Kf3 Be7 $2 {[%mdl 8192] [#] Black is on the road to losing.} (39... Ke8 $11) 40. Kf4 $1 $18 {White wants to mate with Ke5.} Bd6+ 41. Kg5 {[%cal Og5f6] Kf6! would now be deadly.} Be7+ 42. Kg6 {White threatens Kf7 and mate.} f4 $2 (42... Ke8 $18 43. Ra7 Bc5) 43. Kf7 {White mates.} f3 44. Kxe6 (44. Rxe7 f2 45. Re8+ Kd7 46. Re7+ Kd8 47. Re8+ Kd7 48. Re7+ Kd8 $11) 44... f2 45. Rb1 (45. Rxe7 $2 {loses.} f1=Q (45... f1=B $2 {perishes.} 46. Rh7 $18) 46. Rh7 Qxh3+ (46... Qxd3 $2 47. Rh8+ Kc7 48. Kd5 $19) 47. Kd6 Ke8 (47... Qxd3 48. Rh8#) (47... Qg3+ $2 48. Kc5 $19) 48. Re7+ Kf8 $19) 45... Bg5 46. Rf1 Be3 47. Kf5 Ke7 48. Kg4 Kf6 49. Kxh4 Kf5 50. Kg3 Kg5 51. h4+ Kh5 52. Rxf2 Bxf2+ 53. Kxf2 Kxh4 {KP-KP} 54. Kf3 Kg5 55. Ke4 Kf6 56. Kxd4 {KP-K} Ke6 {[#]} 57. Kc5 $1 Kd7 58. Kd5 Kc7 59. Ke6 Kd8 60. Kd6 Ke8 61. d4 Kd8 62. d5 {Weighted Error Value: White=0.11 (very precise) /Black=0.24 (precise) .  Loses game:     	---       	Black=1      Mistake:       	White=5     	Black=6      Inaccurate:     	White=1     	Black=1      OK:         	White=11    	Black=19     Best:        	White=3     	---        Strong:       	White=1     	Black=1} 1-0

[Event "45th FIDE Womens Olympiad 2024"]
[Site "Budapest"]
[Date "2024.09.15"]
[Round "5.142"]
[White "Verbin, Valentina"]
[Black "De la Riva Real, Ariadna"]
[Result "1-0"]
[ECO "B22"]
[WhiteElo "2071"]
[BlackElo "1823"]
[Annotator "TA"]
[PlyCount "43"]
[EventDate "2024.09.05"]
[EventType "team-tourn"]
[EventCountry "HUN"]
[SourceTitle "playchess.com"]
[Source "ChessBase"]
[SourceQuality "1"]
[WhiteTeam "Moldova"]
[BlackTeam "Andorra"]
[WhiteTeamCountry "MDA"]
[BlackTeamCountry "AND"]
[TimeControl "40/5400+30:1800+30"]

1. e4 c5 2. Nf3 g6 3. c3 d5 4. exd5 Qxd5 5. d4 Nc6 6. Be3 cxd4 7. cxd4 {Black must now prevent Nc3.} Nf6 8. Nc3 {White is better.} Qa5 9. d5 {Inhibits Be6.} Nb8 10. Qb3 Nbd7 {[#]} (10... Bg7 $142) 11. Bc4 $1 $36 {[%cal Od5d6][%mdl 2048] White has strong initiative. White is more active.} Ne4 (11... Bg7 $16 {was necessary.}) 12. O-O $18 Nd6 13. Bd4 {Dodges Bg7} f6 (13... Rg8 $142 14. Nb5 Bg7 15. Nxd6+ exd6 16. Qe3+ Kf8) 14. Nb5 Bg7 (14... Bh6 $142 15. Rae1 Bf4) 15. Rfe1 Kf7 {[#]} (15... O-O $142 16. Rxe7 Nf5 17. d6+ Kh8) 16. Qe3 $1 {White threatens Nxd6+ and mate.} Ne5 17. Nxe5+ fxe5 18. Bxe5 (18. Nxa7 $2 {is the wrong capture.} Nxc4 19. Qe2 Qxd5 (19... exd4 20. Qxe7+ Kg8 21. Nxc8 $11) (19... Rxa7 20. Bxa7 Qxd5 21. Red1 $19) 20. Nxc8 Qxd4 $19 (20... exd4 21. Qxe7+ Kg8 22. Qe8+ Bf8 23. Ne7+ Kg7 24. Nxd5 $18) (20... Rhxc8 $2 21. Bc3 $19)) 18... Nxc4 19. Qf4+ Bf5 20. Qxc4 {Threatens to win with Bxg7.} Rac8 21. Qb3 {Bxg7 would now be deadly.} e6 $2 (21... Bxe5 22. Rxe5 Rhf8 23. d6+ Kf6 24. Rxe7 Qd2) 22. Nd6+ {Black got outplayed after the opening.   Weighted Error Value: White=0.62/Black=0.58.  Mistake:       	---       	Black=6      Inaccurate:     	White=2     	Black=2      OK:         	White=7     	Black=2      Best:        	White=1     	Black=2      Strong:       	White=1     	---} 1-0

[Event "45th FIDE Womens Olympiad 2024"]
[Site "Budapest"]
[Date "2024.09.15"]
[Round "5.143"]
[White "Muratet Carmona, Julia"]
[Black "Bargan, Victoria"]
[Result "1/2-1/2"]
[ECO "B11"]
[WhiteElo "1816"]
[BlackElo "1941"]
[Annotator "TA"]
[PlyCount "64"]
[EventDate "2024.09.05"]
[EventType "team-tourn"]
[EventCountry "HUN"]
[SourceTitle "playchess.com"]
[Source "ChessBase"]
[SourceQuality "1"]
[WhiteTeam "Andorra"]
[BlackTeam "Moldova"]
[WhiteTeamCountry "AND"]
[BlackTeamCountry "MDA"]
[TimeControl "40/5400+30:1800+30"]

1. e4 c6 2. Nc3 d5 3. Nf3 Bg4 4. h3 Bxf3 5. Qxf3 e6 6. d4 dxe4 7. Qxe4 Nf6 8. Qd3 Be7 9. Be2 O-O 10. O-O Nbd7 11. Bf4 Nd5 12. Nxd5 cxd5 13. Qb3 Nb6 14. Bd3 Bd6 15. Be3 Qc7 16. c3 Rfc8 17. Qc2 h6 18. Qe2 Nc4 19. Bc1 a6 (19... Bh2+ $11 20. Kh1 Bf4) 20. Qg4 Kh8 21. Qh4 {[%cal Oc1h6] Bxh6! would now be deadly.} Qe7 22. Qh5 Qf6 23. f4 {Black must now prevent f5.} Bf8 {[#]} (23... Be7 $14) 24. f5 $1 $16 {aiming for fxe6.} Nd6 25. fxe6 Qxe6 26. Bd2 ({White should try} 26. Bf4 $16) 26... Rc7 ({Better is} 26... Kg8 $1 $14) 27. Rae1 {White has more active pieces.} Ne4 28. Bxe4 dxe4 29. Qe5 (29. Qf5 $16) 29... Qxe5 $14 30. dxe5 Bc5+ 31. Kh1 Rd8 32. Bc1 e3 {Weighted Error Value: White=0.13 (very precise) /Black=0.14 (very precise) .  Mistake:       	White=2     	Black=3      Inaccurate:     	White=3     	Black=1      OK:         	White=8     	Black=9      Best:        	White=1     	Black=1      Strong:       	White=1     	---} 1/2-1/2

[Event "45th FIDE Womens Olympiad 2024"]
[Site "Budapest"]
[Date "2024.09.15"]
[Round "5.144"]
[White "Petricenco, Ana"]
[Black "Real Puigdollers, Silvia"]
[Result "1-0"]
[ECO "C41"]
[WhiteElo "1894"]
[BlackElo "1781"]
[Annotator "NA COMBH"]
[PlyCount "45"]
[EventDate "2024.09.05"]
[EventType "team-tourn"]
[EventCountry "HUN"]
[SourceTitle "playchess.com"]
[Source "ChessBase"]
[SourceQuality "1"]
[WhiteTeam "Moldova"]
[BlackTeam "Andorra"]
[WhiteTeamCountry "MDA"]
[BlackTeamCountry "AND"]
[TimeControl "40/5400+30:1800+30"]

1. e4 d6 2. d4 Nf6 3. Nc3 e5 4. Nf3 Nbd7 5. Bc4 Be7 6. a4 O-O 7. O-O c6 8. Re1 b6 9. h3 Bb7 10. Ba2 Rc8 11. Be3 Qc7 12. Qe2 h6 13. Rad1 Rfe8 14. dxe5 dxe5 15. Nh4 Nf8 16. Qf3 Bd8 17. Nf5 Be7 18. Bxh6 Rcd8 19. Bxg7 Rxd1 20. Rxd1 Bc8 21. Bxf6 Bxf6 22. Qg4+ Ng6 23. Qxg6+ 1-0

[Event "45th FIDE Womens Olympiad 2024"]
[Site "Budapest"]
[Date "2024.09.15"]
[Round "5.145"]
[White "Noshin, Anjum"]
[Black "Marape, Naledi"]
[Result "0-1"]
[ECO "B90"]
[WhiteElo "2085"]
[BlackElo "1926"]
[PlyCount "120"]
[EventDate "2024.09.05"]
[EventType "team-tourn"]
[EventCountry "HUN"]
[WhiteTeam "Bangladesh"]
[BlackTeam "Botswana"]
[WhiteTeamCountry "BAN"]
[BlackTeamCountry "BOT"]
[TimeControl "40/5400+30:1800+30"]

1. e4 c5 2. Nf3 d6 3. d4 cxd4 4. Nxd4 Nf6 5. Nc3 a6 6. f3 e5 7. Nb3 Be7 8. Be3 Be6 9. Qd2 h5 10. O-O-O Nbd7 11. Kb1 b5 12. h4 Qc7 13. a3 Nb6 14. Bxb6 Qxb6 15. Nd5 Bxd5 16. exd5 a5 17. Be2 b4 18. a4 Kf8 19. Bb5 Ra7 20. Qe2 Nd7 21. Nd2 Nc5 22. Nc4 Qc7 23. f4 e4 24. f5 Qd8 25. Qf2 Bf6 26. Qf4 Be7 27. Nd2 Bf6 28. Nxe4 Nxe4 29. Qxe4 Be5 30. Qe3 Re7 31. Qd3 Rc7 32. Bc6 Rc8 33. Rde1 Qb6 34. Re4 Qd8 35. Rhe1 Rh6 36. Qf3 Kg8 37. R1e3 Qf6 38. Rb3 Qd8 39. Ka2 Qb6 40. Bd7 Rxc2 41. Re2 Rc1 42. Qe3 Qxe3 43. Rbxe3 Rc5 44. Bc6 Rf6 45. Rf3 Rc4 46. g3 Rg4 47. Ree3 Rd4 48. Kb1 Rg4 49. Bd7 Kf8 50. Re2 Ke7 51. Bc6 g6 52. Rfe3 Rxf5 53. Bb7 Rf1+ 54. Ka2 Rg1 55. Rc2 R1xg3 56. Rxe5+ dxe5 57. Rc7+ Kd6 58. Rxf7 Rf4 59. Rg7 b3+ 60. Ka3 Rf1 {0-} 0-1

[Event "45th FIDE Womens Olympiad 2024"]
[Site "Budapest"]
[Date "2024.09.15"]
[Round "5.146"]
[White "Gabatshwarwe, Refilwe"]
[Black "Ahmed, Walijah"]
[Result "1/2-1/2"]
[ECO "D00"]
[WhiteElo "1787"]
[BlackElo "1936"]
[PlyCount "75"]
[EventDate "2024.09.05"]
[EventType "team-tourn"]
[EventCountry "HUN"]
[WhiteTeam "Botswana"]
[BlackTeam "Bangladesh"]
[WhiteTeamCountry "BOT"]
[BlackTeamCountry "BAN"]
[TimeControl "40/5400+30:1800+30"]

1. d4 d5 2. Nc3 Nf6 3. Bf4 c5 4. e4 e6 5. Bxb8 Rxb8 6. exd5 Nxd5 7. Nxd5 Qxd5 8. Bb5+ Bd7 9. Bxd7+ Qxd7 10. Nf3 cxd4 11. Qxd4 Qxd4 12. Nxd4 Be7 13. Rd1 O-O 14. O-O Bf6 15. c3 Rfd8 16. Nb3 b6 17. f3 Kf8 18. Kf2 Ke7 19. Ke3 g6 20. Ke2 h5 21. g3 Bg7 22. h3 h4 23. g4 f5 24. Rg1 Rxd1 25. Rxd1 e5 26. Na1 Ke6 27. Nc2 Bf8 28. Ne3 Rc8 29. gxf5+ gxf5 30. Rg1 Be7 31. Rg7 Rh8 32. Rg6+ Bf6 33. c4 Kf7 34. Rg2 Ke6 35. Nd5 Kf7 36. b3 Bd8 37. Nb4 Rh6 38. Nd5 1/2-1/2

[Event "45th FIDE Womens Olympiad 2024"]
[Site "Budapest"]
[Date "2024.09.15"]
[Round "5.147"]
[White "Wadifa, Ahmed"]
[Black "Mosweu, Atlang Amolemo"]
[Result "1/2-1/2"]
[ECO "B12"]
[WhiteElo "1988"]
[BlackElo "1797"]
[PlyCount "83"]
[EventDate "2024.09.05"]
[EventType "team-tourn"]
[EventCountry "HUN"]
[WhiteTeam "Bangladesh"]
[BlackTeam "Botswana"]
[WhiteTeamCountry "BAN"]
[BlackTeamCountry "BOT"]
[TimeControl "40/5400+30:1800+30"]

1. e4 c6 2. d4 d5 3. e5 c5 4. c3 Nc6 5. Nf3 Bg4 6. Bb5 e6 7. O-O Nge7 8. Nbd2 Qb6 9. a4 a6 10. dxc5 Qxc5 11. Bxc6+ Nxc6 12. h3 Bxf3 13. Nxf3 Qb6 14. Qe2 Be7 15. Rd1 O-O 16. Nd4 Rac8 17. Kh1 Nxd4 18. Rxd4 Rc4 19. Rxc4 dxc4 20. Be3 Bc5 21. a5 Qb5 22. Bg5 Re8 23. f4 Be7 24. Bxe7 Rxe7 25. Rd1 Re8 26. Kh2 Rc8 27. Qd2 Qxa5 28. Qd7 Rf8 29. Qxb7 Qb5 30. Qe7 g6 31. Rd4 Qxb2 32. Rxc4 Qe2 33. Rd4 h5 34. h4 Qe3 35. Rc4 Qe2 36. Rc7 Qe4 37. Qf6 a5 38. c4 a4 39. c5 Qe3 40. c6 a3 41. Rxf7 Rxf7 42. Qxg6+ 1/2-1/2

[Event "45th FIDE Womens Olympiad 2024"]
[Site "Budapest"]
[Date "2024.09.15"]
[Round "5.148"]
[White "Rebatenne, Boitshepo"]
[Black "Hamid, Rani"]
[Result "0-1"]
[ECO "D02"]
[WhiteElo "1696"]
[BlackElo "1900"]
[PlyCount "118"]
[EventDate "2024.09.05"]
[EventType "team-tourn"]
[EventCountry "HUN"]
[WhiteTeam "Botswana"]
[BlackTeam "Bangladesh"]
[WhiteTeamCountry "BOT"]
[BlackTeamCountry "BAN"]
[TimeControl "40/5400+30:1800+30"]

1. d4 d5 2. Bf4 Nf6 3. e3 e6 4. Nf3 Bd6 5. Bxd6 Qxd6 6. c3 O-O 7. Bd3 b6 8. Nbd2 Bb7 9. Ne5 c5 10. O-O Nc6 11. f4 Ne7 12. Ndf3 Ne4 13. Qc2 Rac8 14. Qe2 f6 15. Ng4 cxd4 16. Nxd4 e5 17. Nb5 Qb8 18. Bxe4 dxe4 19. fxe5 f5 20. Nf2 Ba6 21. a4 Qxe5 22. Qc2 Bxb5 23. axb5 Qxb5 24. Rxa7 Nc6 25. Ra3 Qc5 26. Re1 b5 27. Kh1 Rcd8 28. Nh3 Rd3 29. Qc1 Ne5 30. Nf4 Rd6 31. Qc2 Nc4 32. Qb3 g5 33. Nh3 Rd2 34. Ra2 h6 35. Rd1 Rxd1+ 36. Qxd1 Nxe3 37. Qh5 Qd6 38. Ra1 Ng4 39. Nxg5 hxg5 40. Qxg5+ Kh8 41. Qh5+ Qh6 42. Qxh6+ Nxh6 43. Ra6 Kg7 44. Rb6 Rd8 45. Kg1 Rd1+ 46. Kf2 Rd2+ 47. Kg3 Rxb2 48. c4 Rb3+ 49. Kf4 bxc4 50. Rc6 Rb2 51. Kg3 Rc2 52. h4 Ng4 53. Kf4 Rf2+ 54. Kg5 Ne5 55. Rc7+ Nf7+ 56. Kh5 e3 57. Re7 f4 58. Kg4 Kf6 59. Rc7 Ne5+ {0-} 0-1

[Event "45th FIDE Womens Olympiad 2024"]
[Site "Budapest"]
[Date "2024.09.15"]
[Round "5.149"]
[White "Bwalya Mulwale, Lubuuto"]
[Black "Pipiras, Filipa Fortuna"]
[Result "1/2-1/2"]
[ECO "D20"]
[WhiteElo "1852"]
[BlackElo "2187"]
[PlyCount "83"]
[EventDate "2024.09.05"]
[EventType "team-tourn"]
[EventCountry "HUN"]
[WhiteTeam "Zambia"]
[BlackTeam "Portugal"]
[WhiteTeamCountry "ZAM"]
[BlackTeamCountry "POR"]
[TimeControl "40/5400+30:1800+30"]

1. d4 d5 2. c4 dxc4 3. Nc3 a6 4. a4 Nc6 5. e3 Na5 6. Nf3 Bg4 7. h3 Bxf3 8. Qxf3 e6 9. Be2 Nf6 10. O-O Be7 11. Rd1 O-O 12. Bd2 Rb8 13. Ra2 Bb4 14. Ne4 Bxd2 15. Nxd2 Qd5 16. Rc1 c5 17. Nxc4 Nc6 18. Qxd5 exd5 19. Ne5 c4 20. Bf3 Rfe8 21. Ng4 Nxg4 22. hxg4 Nb4 23. Ra3 b5 24. axb5 axb5 25. Ra7 Red8 26. Rca1 Nd3 27. Rb1 g6 28. Kf1 Ra8 29. Rb7 Ra5 30. g3 Nb4 31. Kg2 Kg7 32. Rc7 h6 33. Rc5 Kf6 34. b3 Nd3 35. Rc6+ Ke7 36. bxc4 dxc4 37. Be2 Rd6 38. Rc7+ Rd7 39. Rc8 Rd8 40. Rc7+ Rd7 41. Rc8 Rd8 42. Rc7+ 1/2-1/2

[Event "45th FIDE Womens Olympiad 2024"]
[Site "Budapest"]
[Date "2024.09.15"]
[Round "5.150"]
[White "Silva, Mariana"]
[Black "Likando, Namakau"]
[Result "1-0"]
[ECO "D31"]
[WhiteElo "2005"]
[BlackElo "1746"]
[PlyCount "95"]
[EventDate "2024.09.05"]
[EventType "team-tourn"]
[EventCountry "HUN"]
[WhiteTeam "Portugal"]
[BlackTeam "Zambia"]
[WhiteTeamCountry "POR"]
[BlackTeamCountry "ZAM"]
[TimeControl "40/5400+30:1800+30"]

1. d4 d5 2. c4 e6 3. Nc3 c6 4. cxd5 exd5 5. Bf4 Bd6 6. Bxd6 Qxd6 7. e3 Nf6 8. Bd3 Nbd7 9. Nf3 Nb6 10. h3 h6 11. O-O Be6 12. Qc2 O-O 13. Rab1 Nbd7 14. b4 a6 15. a4 Rfc8 16. Rfc1 b5 17. a5 Ne8 18. Ne2 Qb8 19. Nf4 Nd6 20. Nxe6 fxe6 21. Qc3 Nc4 22. Bc2 Nf6 23. Nd2 Qc7 24. f3 Qg3 25. Nf1 Qc7 26. Qd3 g5 27. e4 Qg7 28. Ng3 Qf7 29. e5 Ne8 30. Rf1 Rc7 31. f4 gxf4 32. Ne2 Qf5 33. Qc3 Qg5 34. Rxf4 Rg7 35. Qf3 Nc7 36. Rf1 Qe7 37. Qc3 Qg5 38. R1f2 Rd8 39. Kh1 h5 40. Qf3 Qe7 41. Qxh5 Qg5 42. Bh7+ Kh8 43. Rf8+ Rg8 44. Qxg5 Rdxf8 45. Rxf8 Rxf8 46. Qh6 Rf1+ 47. Kh2 Re1 48. Bg6+ 1-0

[Event "45th FIDE Womens Olympiad 2024"]
[Site "Budapest"]
[Date "2024.09.15"]
[Round "5.151"]
[White "Mbatha, Constance"]
[Black "Silva, Ana Ines Teixeira Da"]
[Result "1-0"]
[ECO "C47"]
[WhiteElo "1799"]
[BlackElo "1925"]
[PlyCount "87"]
[EventDate "2024.09.05"]
[EventType "team-tourn"]
[EventCountry "HUN"]
[WhiteTeam "Zambia"]
[BlackTeam "Portugal"]
[WhiteTeamCountry "ZAM"]
[BlackTeamCountry "POR"]
[TimeControl "40/5400+30:1800+30"]

1. e4 e5 2. Nf3 Nc6 3. Nc3 Nf6 4. d4 exd4 5. Nxd4 Bb4 6. Nxc6 bxc6 7. Bd3 d5 8. Bd2 O-O 9. O-O Bg4 10. Qe1 Re8 11. e5 Nd7 12. f4 Bc5+ 13. Kh1 d4 14. Ne4 Be6 15. Qg3 Bf8 16. Rae1 Bd5 17. Ng5 h6 18. Nf3 Nc5 19. f5 Nxd3 20. cxd3 Bxf3 21. Rxf3 Kh7 22. Ref1 Qd5 23. Bf4 Rab8 24. b3 a5 25. Qg4 a4 26. Rh3 axb3 27. axb3 Rxb3 28. e6 Rb5 29. Bxc7 c5 30. Bf4 c4 31. Bxh6 Qxf5 32. Bc1+ Kg8 33. Rxf5 Rxe6 34. Rf1 c3 35. Qh4 f6 36. Qxd4 Rc5 37. Ba3 Rf5 38. Rg1 Bxa3 39. Qxc3 Bc5 40. Rb1 Rfe5 41. d4 Bxd4 42. Qxd4 Re1+ 43. Rxe1 Rxe1+ 44. Qg1 1-0

[Event "45th FIDE Womens Olympiad 2024"]
[Site "Budapest"]
[Date "2024.09.15"]
[Round "5.152"]
[White "Avelino, Camila Biscaya"]
[Black "Mwale, Naomi"]
[Result "1-0"]
[ECO "C64"]
[WhiteElo "1843"]
[BlackElo "1767"]
[PlyCount "85"]
[EventDate "2024.09.05"]
[EventType "team-tourn"]
[EventCountry "HUN"]
[WhiteTeam "Portugal"]
[BlackTeam "Zambia"]
[WhiteTeamCountry "POR"]
[BlackTeamCountry "ZAM"]
[TimeControl "40/5400+30:1800+30"]

1. e4 e5 2. Nf3 Nc6 3. Bb5 Bc5 4. c3 d6 5. O-O Bd7 6. d4 Bb6 7. Re1 Qe7 8. a4 a6 9. Bf1 Nf6 10. d5 Nd8 11. h3 h6 12. Nbd2 O-O 13. Nc4 Ba7 14. Bd3 c5 15. a5 Bb5 16. Nh4 Bd7 17. Ne3 g6 18. Qf3 Kg7 19. Nc4 Bb5 20. Qe3 Rh8 21. Qg3 Kf8 22. Re3 Bxc4 23. Bxc4 Nh5 24. Nxg6+ fxg6 25. Qxg6 Nf4 26. Rf3 Nf7 27. Bxf4 exf4 28. Rxf4 Ke8 29. e5 dxe5 30. d6 Qxd6 31. Qxf7+ Kd8 32. Rf6 Qd7 33. Qxd7+ Kxd7 34. Rd1+ Kc7 35. Rf7+ Kc6 36. Bd5+ Kd6 37. Bxb7+ Ke6 38. Bd5+ Kd6 39. Bxa8+ Ke6 40. Bd5+ Kd6 41. Rxa7 Rb8 42. Bc4+ Kc6 43. Rad7 1-0

[Event "45th FIDE Womens Olympiad 2024"]
[Site "Budapest"]
[Date "2024.09.15"]
[Round "5.153"]
[White "Charinda, Kudzanayi"]
[Black "Shuqja, Klean"]
[Result "0-1"]
[ECO "B13"]
[WhiteElo "1854"]
[BlackElo "2042"]
[PlyCount "96"]
[EventDate "2024.09.05"]
[EventType "team-tourn"]
[EventCountry "HUN"]
[WhiteTeam "Zimbabwe"]
[BlackTeam "Albania"]
[WhiteTeamCountry "ZIM"]
[BlackTeamCountry "ALB"]
[TimeControl "40/5400+30:1800+30"]

1. e4 c6 2. d4 d5 3. exd5 cxd5 4. Bd3 Nc6 5. c3 Qc7 6. Ne2 Bg4 7. Qb3 Bxe2 8. Kxe2 e6 9. Be3 Bd6 10. Nd2 Nf6 11. Nf3 O-O 12. h3 a6 13. Qc2 Rac8 14. Rac1 Qe7 15. Qd2 Ne4 16. Qd1 f5 17. Kf1 b5 18. h4 Na5 19. Rh3 Nc4 20. Bxc4 Rxc4 21. Ng5 f4 22. Nxe4 dxe4 23. Bd2 e5 24. b3 Rc7 25. d5 e3 26. Be1 exf2 27. Bxf2 e4 28. Bd4 e3 29. Qd3 Be5 30. Ke2 Qf6 31. Bxe5 Qxe5 32. c4 bxc4 33. bxc4 Rb8 34. Rf3 Rb2+ 35. Ke1 Rxg2 36. d6 Rg1+ 37. Rf1 Rxf1+ 38. Kxf1 Rd7 39. c5 f3 40. Qb3+ Kf8 41. Qb8+ Kf7 42. Qb3+ Kg6 43. Qd3+ Kh6 44. Qb3 Kh5 45. Qc4 Qf5 46. Ke1 Rf7 47. Qf1 f2+ 48. Ke2 Qf3+ {0-} 0-1

[Event "45th FIDE Womens Olympiad 2024"]
[Site "Budapest"]
[Date "2024.09.15"]
[Round "5.154"]
[White "Geske, Bruna"]
[Black "Shaba, Linda Dalitso"]
[Result "1-0"]
[ECO "C01"]
[WhiteElo "2023"]
[BlackElo "1831"]
[PlyCount "139"]
[EventDate "2024.09.05"]
[EventType "team-tourn"]
[EventCountry "HUN"]
[WhiteTeam "Albania"]
[BlackTeam "Zimbabwe"]
[WhiteTeamCountry "ALB"]
[BlackTeamCountry "ZIM"]
[TimeControl "40/5400+30:1800+30"]

1. e4 e6 2. d4 d5 3. Bd3 Nf6 4. e5 Nfd7 5. Ne2 c5 6. c3 Nc6 7. a3 Qb6 8. Bc2 a5 9. O-O Be7 10. Re1 Nf8 11. b3 Ng6 12. Be3 cxd4 13. cxd4 Bd7 14. Nbc3 O-O 15. f4 f5 16. exf6 Rxf6 17. f5 Nh4 18. Na4 Qd8 19. Bg5 Rf7 20. Bxe7 Qxe7 21. Nb6 Raf8 22. Ng3 Qf6 23. Nxd7 Rxd7 24. Rxe6 Qxd4+ 25. Kh1 Qf2 26. Re2 Qb6 27. Rd2 Ne7 28. Qg4 Qf6 29. Rf1 Nhg6 30. Nh5 Qh4 31. Qxh4 Nxh4 32. Rdf2 Rc7 33. f6 gxf6 34. Nxf6+ Rxf6 35. Rxf6 Rxc2 36. Rf8+ Kg7 37. R8f7+ Kg6 38. Rxe7 Nf5 39. Re6+ Kg7 40. h3 Ng3+ 41. Kg1 Nxf1 42. Kxf1 Kf7 43. Rd6 Rc7 44. Rxd5 b6 45. Rd6 b5 46. Rd5 Rb7 47. Kf2 Ke6 48. Rh5 Kd6 49. Ke3 Kc6 50. b4 a4 51. Ke4 Re7+ 52. Re5 Rd7 53. Re6+ Kc7 54. g4 Rd1 55. Kf4 Rf1+ 56. Kg3 Rb1 57. Re3 Rb3 58. Kf4 Kd6 59. Ke4 Rb1 60. Rd3+ Kc6 61. Rc3+ Kb6 62. Rf3 Ra1 63. g5 Rg1 64. Kf5 Rb1 65. h4 Rb3 66. Kg4 Kc6 67. h5 Kd6 68. g6 hxg6 69. h6 Rb1 70. h7 1-0

[Event "45th FIDE Womens Olympiad 2024"]
[Site "Budapest"]
[Date "2024.09.15"]
[Round "5.155"]
[White "Wakuruwarewa, Colletta"]
[Black "Caku, Kler"]
[Result "0-1"]
[ECO "C97"]
[WhiteElo "1814"]
[BlackElo "1859"]
[PlyCount "72"]
[EventDate "2024.09.05"]
[EventType "team-tourn"]
[EventCountry "HUN"]
[WhiteTeam "Zimbabwe"]
[BlackTeam "Albania"]
[WhiteTeamCountry "ZIM"]
[BlackTeamCountry "ALB"]
[TimeControl "40/5400+30:1800+30"]

1. e4 e5 2. Nf3 Nc6 3. Bb5 a6 4. Ba4 Nf6 5. O-O b5 6. Bb3 Be7 7. c3 O-O 8. Re1 d6 9. h3 Na5 10. Bc2 c5 11. d4 Qc7 12. b4 cxb4 13. cxb4 Nc4 14. d5 Nd7 15. Nbd2 Ndb6 16. Nf1 Bd7 17. Ne3 Rac8 18. Bd3 Qb7 19. Bd2 Nb2 20. Qb3 Nxd3 21. Qxd3 g6 22. Nh2 Kh8 23. g4 Rg8 24. Kh1 f5 25. f3 f4 26. Ng2 g5 27. Re2 Rc4 28. Ree1 Rgc8 29. Rec1 Rxc1+ 30. Rxc1 Rc4 31. Nf1 Qc8 32. Qa3 Na4 33. Ne1 Bd8 34. Nd3 Bb6 35. Rxc4 Qxc4 36. Qb3 Qd4 {0-} 0-1